 Dungeon Crawl Stone Soup version 0.28.0-62-gf88900778d (webtiles) character file.

Game seed: 223330392901845936

14703 cbfl8 the Cleaver (level 11, -1/79 HPs)
             Began as a Minotaur Berserker on June 28, 2023.
             Was a Priest of Trog.
             Slain by a thrashing horror (5 damage)
             ... on level 5 of the Abyss.
             The game lasted 00:15:58 (17321 turns).

cbfl8 the Cleaver (Minotaur Berserker)             Turns: 17321, Time: 00:15:59

Health: -1/79      AC: 21    Str: 18    XL:     11   Next: 92%
Magic:  10/10      EV: 12    Int:  7    God:    Trog [***...]
Gold:   348        SH:  0    Dex: 14    Spells: 10/10 levels left

rFire   . . .      SeeInvis .   g - +0 war axe
rCold   . . .      Faith    .   (no shield)
rNeg    . . .      Spirit   .   y - +0 plate armour
rPois   +          Reflect  .   q - +1 hat {Int+3}
rElec   .          Harm     .   (no cloak)
rCorr   .          Rampage  .   w - +0 pair of gloves
Will    ++...                   c - +2 pair of boots
Stlth   ..........              (no amulet)
HPRegen 1.23/turn               e - ring of poison resistance
MPRegen 0.12/turn               x - +4 ring of evasion

@: about to teleport, strong-willed, on berserk cooldown, regenerating
A: horns 2, retaliatory headbutt, MP-powered wands, [frail 2], weak 1[+1]
a: Renounce Religion, Berserk, Trog's Hand


You were on level 5 of the Abyss.
You worshipped Trog.
Trog was most pleased with you.
You visited 1 branch of the dungeon, and saw 12 of its levels.
You visited the Abyss 1 time.

You collected 436 gold pieces.
You spent 88 gold pieces at shops.

Inventory:

Hand Weapons
 g - a +0 war axe (weapon)
 u - a +1 hand axe of flaming
Armour
 c - a +2 pair of boots (worn)
 q - a +1 hat of intelligence (worn)
 w - a +0 pair of gloves (worn)
 y - a +0 plate armour (worn)
Jewellery
 e - a ring of poison resistance (left hand)
 o - a ring of protection from cold
 r - a ring of see invisible
 x - a +4 ring of evasion (right hand)
Wands
 b - a wand of flame (21)
 j - a wand of paralysis (8) (quivered)
 l - a wand of acid (3)
 v - a wand of iceblast (15)
Scrolls
 k - 3 scrolls of magic mapping
Potions
 h - a potion of haste
 m - a potion of cancellation
 n - 5 potions of curing
 p - 2 potions of attraction
 s - a potion of resistance
 t - a potion of brilliance {unknown}
 z - a potion of heal wounds {unknown}
 A - a potion of degeneration {unknown}


   Skills:
 + Level 10.1 Fighting
 + Level 14.3 Axes
 + Level 11.5 Armour
 + Level 4.8 Dodging
 + Level 2.3 Stealth
 + Level 0.3 Unarmed Combat
 * Level 7.4 Evocations


You had 10 spell levels left.
You didn't know any spells.
Your spell library was empty.

Dungeon Overview and Level Annotations

Branches:
Dungeon (12/15)            Temple (0/1) D:5            Lair (0/6) D:8
    Orc (0/2) D:11

Altars:
Ashenzari
Cheibriados
Elyvilon
Fedhas
Trog
Uskayaw
Vehumet
Xom
The Shining One
Beogh

Shops:
D:4 *   D:6 *

Annotations:
D:5 2 transporters, nerdsy's ghost, novice DDFi
D:7 2 transporters, cbfl8's ghost, novice MiBe
D:9 exclusion: statue


Innate Abilities, Weirdness & Mutations

You have a pair of horns on your head.
You reflexively headbutt those who attack you in melee.
You expend magic power (3 MP) to strengthen your wands.
[You are very frail. (-20% HP)]
[You are very weak. (Str -4)]


Message History

The thrashing horror misses you. You furiously retaliate!
You headbutt the thrashing horror!
The thrashing horror tramples you but does no damage.
A starcursed mass splits.
The thrashing horror tramples you but does no damage. x2
The thrashing horror completely misses you.
You furiously retaliate!
You headbutt the thrashing horror, but do no damage.
The thrashing horror tramples you but does no damage.
The thrashing horror misses you. You furiously retaliate!
You headbutt the thrashing horror, but do no damage.
The thrashing horror closely misses you.
A deafening chorus of shrieks assaults your mind!
* * * LOW HITPOINT WARNING * * *
You suddenly lose the ability to move!
You can move again.
The thrashing horror roars!
The thrashing horror tramples you but does no damage.
The thrashing horror closely misses you.
A starcursed mass splits.
The thrashing horror tramples you but does no damage. x2
The thrashing horror tramples you.
* * * LOW HITPOINT WARNING * * *
You hold your ground!
The thrashing horror tramples you.
* * * LOW HITPOINT WARNING * * *
You stumble backwards!
The thrashing horror roars!
The thrashing horror tramples you!
* * * LOW HITPOINT WARNING * * *
You hold your ground!
The thrashing horror tramples you but does no damage.
A starcursed mass splits.
The thrashing horror tramples you but does no damage.
The thrashing horror barely misses you.
Your skin crawls.
You feel strong-willed.
You can no longer call in reinforcements.
The thrashing horror roars!
The thrashing horror tramples you.
You die... ≈≈..§ ## . .. #.#... §≈≈≈..§...##.# ...... #≈≈≈§§≈..##.####....## ≈≈≈≈...........#..#.# ≈§≈§§§.§..........## Y≈≈≈≈§§§§............
YY≈

#§.##.............
#..≈#≈...##X......#..
#..
#≈....@XX......... #8
#≈....##...X...... #.
#≈.......#..XX....
#§...§..#...XX.X..
#≈.##§.. ......X..
#§. #### ######.X. #≈
... ≈


You could see 5 starcursed masses and 3 thrashing horrors.

Vanquished Creatures
  Gastronok (D:10)
  Erica (D:7)
  A two-headed ogre (D:11)
  2 wretched stars (Abyss:5)
  A phantasmal warrior (D:12)
  2 cyclopes
  A centaur zombie (D:11)
  Joseph (D:8)
  Maggie (D:8)
  Psyche (D:8)
  3 kobold demonologists (D:11)
  2 unseen horrors
  2 freezing wraiths (D:12)
  2 trolls
  Sigmund (D:6)
  A wraith (D:12)
  12 yaks
  A vampire (D:10)
  A water elemental (Abyss:5)
  2 vampire mosquitoes (D:11)
  2 steam dragons
  Menkaure (D:5)
  5 acid dragons
  A water moccasin (D:5)
  An ice beast (D:8)
  2 sky beasts
  5 orc warriors
  5 ogres
  5 centaurs
  A phantom (D:4)
  3 kobold brigands
  2 bullfrogs
  A wyvern zombie (D:5)
  6 killer bees (D:9)
  20 wights
  7 howler monkeys
  2 hounds (D:4)
  2 gnoll shamans
  2 jellies
  6 orc priests
  A centaur skeleton (D:7)
  A bullfrog skeleton (D:5)
  9 orc wizards
  Natasha (thrice) (D:4)
  5 iguanas
  A hound skeleton (D:4)
  A howler monkey zombie (D:9)
  7 gnolls
  7 adders
  A shadow imp (D:5)
  An ufetubus (D:5)
  2 adder skeletons (D:4)
  A worm (D:2)
  49 orcs
  3 endoplasms
  2 giant cockroaches
  6 hobgoblins
  7 jackals
  22 kobolds
  A quokka (D:1)
  9 ball pythons
  4 bats
  A frilled lizard (D:3)
  5 goblins (D:1)
  6 rats
273 creatures vanquished.

Vanquished Creatures (others)
  6 fungi (D:8)
  7 plants (D:8)
  A starspawn tentacle (Abyss:4)
14 creatures vanquished.

Grand Total: 287 creatures vanquished

Notes
Turn   | Place    | Note
-------+----------+-------------------------------------------
     0 | D:1      | cbfl8 the Minotaur Berserker began the quest for the Orb.
     0 | D:1      | Reached XP level 1. HP: 19/19 MP: 0/0
     3 | D:1      | Noticed an electric eel
     4 | D:1      | Noticed an electric eel
   330 | D:1      | Reached XP level 2. HP: 22/27 MP: 1/1
   398 | D:1      | Reached skill level 4 in Axes
  1345 | D:2      | Reached XP level 3. HP: 33/33 MP: 2/2
  1362 | D:2      | Reached skill level 1 in Evocations
  2230 | D:3      | Reached ** piety under Trog
  2445 | D:3      | Reached XP level 4. HP: 38/40 MP: 3/3
  3112 | D:4      | Noticed an ogre
  3116 | D:4      | Reached skill level 5 in Axes
  3116 | D:4      | Reached XP level 5. HP: 44/47 MP: 4/4
  3118 | D:4      | Killed an ogre
  3362 | D:4      | Reached XP level 6. HP: 49/53 MP: 5/5
  3460 | D:4      | Reached *** piety under Trog
  3468 | D:4      | Reached skill level 6 in Axes
  3474 | D:4      | Found Roicyih's General Store.
  3819 | D:4      | Bought a potion of mutation for 88 gold pieces
  3844 | D:4      | Noticed Natasha
  3854 | D:4      | Killed Natasha
  3855 | D:4      | Reached XP level 7. HP: 48/60 MP: 6/6
  3925 | D:4      | Noticed a steam dragon
  3934 | D:4      | Killed a steam dragon
  3935 | D:4      | Reached skill level 5 in Fighting
  3935 | D:4      | Reached skill level 5 in Armour
  4131 | D:4      | Noticed Natasha
  4139 | D:4      | Killed Natasha
  4201 | D:4      | Noticed Natasha
  4206 | D:4      | Killed Natasha
  4354 | D:4      | Identified the +0 robe of Ageuhyuw {Rampage rN+}
  4384 | D:4      | Gained mutation: Your muscles are strong. (Str +2) [potion
                  | of mutation]
  4384 | D:4      | Gained mutation: [You are frail. (-10% HP)] [potion of
                  | mutation]
  4384 | D:4      | Lost mutation: [You are frail. (-10% HP)] [potion of
                  | mutation]
  4385 | D:4      | Lost mutation: Your muscles are strong. (Str +2) [potion of
                  | mutation]
  4385 | D:4      | Gained mutation: You expend magic power (3 MP) to
                  | strengthen your wands. [potion of mutation]
  4385 | D:4      | Gained mutation: [You are weak. (Str -2)] [potion of
                  | mutation]
  4412 | D:5      | Entered Level 5 of the Dungeon
  4518 | D:5      | Reached skill level 7 in Axes
  4562 | D:5      | Reached skill level 1 in Stealth
  4582 | D:5      | Found a transporter.
  4621 | D:5      | Found a transporter.
  4621 | D:5      | Noticed nerdsy's ghost (novice DDFi)
  4624 | D:5      | Found a staircase to the Ecumenical Temple.
  4982 | D:5      | Reached XP level 8. HP: 36/69 MP: 1/7
  5348 | D:5      | Noticed Menkaure
  5352 | D:5      | Killed Menkaure
  6031 | D:6      | Noticed Sigmund
  6037 | D:6      | Reached skill level 8 in Axes
  6046 | D:6      | Killed Sigmund
  6170 | D:6      | Found Oclyob's Fire Supplies.
  6614 | D:6      | Found the +7 staff of the Meek {protect, meekguard}
  7315 | D:7      | Reached XP level 9. HP: 78/78 MP: 8/8
  7342 | D:7      | Reached skill level 9 in Axes
  7599 | D:7      | Found a transporter.
  7599 | D:7      | Noticed cbfl8's ghost (novice MiBe)
  7599 | D:7      | Noticed a manticore
  7627 | D:7      | Found a transporter.
  7632 | D:7      | Noticed a moth of wrath
  7687 | D:7      | Found a white marble altar of Elyvilon.
  8674 | D:8      | Reached skill level 10 in Axes
  8821 | D:8      | Noticed Joseph
  8829 | D:8      | Noticed Psyche
  8838 | D:8      | Reached skill level 5 in Evocations
  8839 | D:8      | Killed Psyche
  9404 | D:8      | Killed Joseph
  9478 | D:8      | Noticed Erica
  9489 | D:7      | Killed Erica
  9490 | D:7      | Reached skill level 11 in Axes
  9490 | D:7      | Reached XP level 10. HP: 54/86 MP: 9/9
  9718 | D:8      | Found a staircase to the Lair.
  9929 | D:8      | Reached **** piety under Trog
 10108 | D:8      | Found a broken altar of Ashenzari.
 10108 | D:8      | Found a bloodstained altar of Trog.
 10110 | D:8      | Found a snail-covered altar of Cheibriados.
 10139 | D:8      | Noticed Maggie
 10152 | D:8      | Killed Maggie
 11097 | D:9      | Found a radiant altar of Vehumet.
 11374 | D:9      | Reached skill level 12 in Axes
 11859 | D:9      | You fall into a shaft and drop 1 floor!
 11859 | D:10     | Entered Level 10 of the Dungeon
 11880 | D:10     | Found a blossoming altar of Fedhas.
 12535 | D:10     | Found a hide-covered altar of Uskayaw.
 12611 | D:10     | Found a glowing golden altar of the Shining One.
 12768 | D:9      | Noticed a cyclops
 12776 | D:9      | Killed a cyclops
 12777 | D:9      | Reached XP level 11. HP: 97/97 MP: 10/10
 12822 | D:9      | Found a shimmering altar of Xom.
 13844 | D:10     | Noticed Gastronok
 13859 | D:10     | Killed Gastronok
 13860 | D:10     | Reached skill level 13 in Axes
 13860 | D:10     | Reached skill level 10 in Armour
 15333 | D:11     | Noticed a two-headed ogre
 15340 | D:11     | Killed a two-headed ogre
 16219 | D:11     | Reached skill level 14 in Axes
 16363 | D:11     | Found a staircase to the Orcish Mines.
 16620 | D:12     | Found a broken altar of Ashenzari.
 16661 | D:12     | Reached skill level 10 in Fighting
 17028 | D:12     | Noticed a death knight
 17030 | D:12     | Noticed a phantasmal warrior
 17112 | D:12     | Killed a phantasmal warrior
 17135 | D:12     | Cast into level 3 of the Abyss (death knight)
 17160 | Abyss:3  | Noticed a sixfirhy
 17173 | Abyss:4  | Found a blossoming altar of Fedhas.
 17190 | Abyss:4  | Noticed a tentacled starspawn
 17190 | Abyss:4  | Noticed a satyr
 17197 | Abyss:4  | Noticed a tentacled starspawn
 17198 | Abyss:4  | Noticed a spatial maelstrom
 17202 | Abyss:5  | Entered Level 5 of the Abyss
 17210 | Abyss:5  | Found a corrupted altar of Lugonu.
 17228 | Abyss:5  | Noticed a wretched star
 17242 | Abyss:5  | Killed a wretched star
 17258 | Abyss:5  | Noticed a wretched star
 17284 | Abyss:5  | Killed a wretched star
 17308 | Abyss:5  | Noticed a dire elephant
 17308 | Abyss:5  | Noticed a dire elephant
 17308 | Abyss:5  | Noticed a dire elephant
 17308 | Abyss:5  | Noticed a dire elephant
 17315 | Abyss:5  | Noticed a starcursed mass
 17315 | Abyss:5  | Noticed a thrashing horror
 17316 | Abyss:5  | Noticed a thrashing horror
 17316 | Abyss:5  | Noticed a thrashing horror
 17318 | Abyss:5  | Paralysed by accursed screaming for 1 turns
 17320 | Abyss:5  | HP: 3/79 [thrashing horror (12)]
 17321 | Abyss:5  | Slain by a thrashing horror

Illustrated notes

Levels and vault maps discovered:
D:1:      arrival_aquarium_b, layout_loops_cross
D:2:      layout_basic
D:3:      layout_loops_ring, kennysheep_nub
D:4:      layout_basic, serial_shops, shop, minmay_box_of_dots, uniq_natasha
D:5:      layout_basic, minmay_temple_entry_grid, gammafunk_ghost_mausoleum,
          minmay_misc_feat_enclosed, hangedman_decor_opposing, uniq_menkaure
D:6:      layout_basic, nicolae_shop_fire_sale [nicolae_sub_dead_trees],
          hangedman_abyss_or_decor_passed, pf_guarded_unrand_meek, uniq_sigmund
D:7:      layout_basic, elyvilon_altar_4, gammafunk_ghost_berserking_beasts
D:8:      layout_loops_cross, gammafunk_temple_overflow_forgotten,
          dpeg_oklobed_lair, uniq_maggie, uniq_erica, uniq_psyche, uniq_joseph
D:9:      layout_roguey, mainiacjoe_overflow_tiny_flanked, vehumet_statue
D:10:     layout_basic, mainiacjoe_overflow_paths,
          mainiacjoe_overflow_large_starburst, serial_co_window_serial,
          co_window_of_opportunity_a, co_window_paths_a, co_window_corner_a,
          co_window_paths_a, co_window_corner_a, co_window_cross_1,
          co_window_paths_b, co_window_paths_c, co_window_broadway_c,
          co_window_corner_b, co_window_cross_4, co_window_unsneaky_path_d,
          co_window_unsneaky_path_d, glass_columns_a, glass_columns_b,
          glass_columns_a, glass_columns_c, glass_columns_c, uniq_gastronok
D:11:     layout_cave_pods, minmay_orc_entry_temple_small
D:12:     layout_basic, serial_rivers, chequers_serial_rivers_marsh,
          chequers_serial_rivers_micro_c, chequers_serial_rivers_large_b,
          chequers_serial_rivers_room_a, chequers_serial_rivers_room_b,
          nicolae_ashenzari_panopticon, uniq_nergalle
Abyss:5:  base: D:3, base: D:12, due_evilmike_abyss_rune_seething_liches,
          nicolae_abyss_rune_star_stuff, evilmike_abyss_exit_14, minivault_25,
          grunt_abyss_rune_forest_and_sorcery,
          evilmike_abyss_rune_elephants_shrine

Skill      XL: |  1  2  3  4  5  6  7  8  9 10 11 |
---------------+----------------------------------+-----
Axes           | 4 5 6 7 8 11 12 14 | 14.3
Fighting       | 4 5 6 7 9 10 | 10.1
Evocations     | 1 2 3 4 5 6 7 |  7.4
Armour         | 3 4 5 6 8 9 11 | 11.5
Dodging        | 3 4 |  4.8
Stealth        | 1 2 |  2.3
Unarmed Combat | |  0.3

Action                   |  1- 3 |  4- 6 |  7- 9 | 10-12 || total
-------------------------+-------+-------+-------+-------++-------
Melee: Hand axe          |   104 |    26 |       |       ||   130
       Headbutt          |    17 |    13 |    55 |   106 ||   191
       Punch             |     2 |     1 |     1 |     8 ||    12
       War axe           |       |    61 |   235 |   422 ||   718
       Unarmed           |       |       |     2 |       ||     2
Invok: Berserk           |       |     1 |    10 |     8 ||    19
       Trog's Hand       |       |       |       |     6 ||     6
Evoke: Wand              |       |       |     5 |     7 ||    12
  Use: Scroll            |     6 |     1 |     2 |     6 ||    15
       Potion            |     3 |       |     2 |     6 ||    11
 Stab: Paralysed         |       |       |     5 |     1 ||     6
Armor: Animal skin       |     5 |       |       |       ||     5
       Ring mail         |    33 |    35 |     5 |       ||    73
       Chain mail        |       |       |   124 |   148 ||   272
       Plate armour      |       |       |       |   138 ||   138
Dodge: Dodged            |    56 |    52 |    92 |   230 ||   430
